TOP OF THE 1ST |
Las Vegas 51s batting - Pitching for Sacramento River Cats : RHP Tim Welshman
|
Pitching: RHP Tim Welshman
|
|
Batting: RHB Chris Torlak
|
0-0: Called Strike 0-1: Ball 1-1: Called Strike 1-2: Ball 2-2: Foul Ball, location: 2F 2-2: Ball 3-2: Strikes out swinging
|
Batting: SHB Masatoshi Akahoshi
|
0-0: Ball 1-0: Foul Ball, location: 2F 1-1: Swinging Strike 1-2: Strikes out looking
|
Batting: SHB Justin Wallace
|
0-0: Foul Ball, location: 2F 0-1: Ball 1-1: DOUBLE (Line Drive, 9LM, EV 105.0 MPH)
|
Batting: LHB Bill Armijo
|
0-0: Called Strike 0-1: Foul Ball, location: 2F 0-2: Ball 1-2: Foul Ball, location: 2F 1-2: Strikes out swinging
|
Top of the 1st over - 0 runs, 1 hit, 0 errors, 1 left on base; Las Vegas 0 - Sacramento 0 |
BOTTOM OF THE 1ST |
Sacramento River Cats batting - Pitching for Las Vegas 51s : RHP Tony Castellanos
|
Pitching: RHP Tony Castellanos
|
|
Batting: SHB Carlos Rodriguez
|
0-0: Ball 1-0: Called Strike 1-1: Ball 2-1: Foul Ball, location: 2F 2-2: Foul Ball, location: 2F 2-2: Ground out 5-3 (Groundball, 56, EV 78.1 MPH)
|
Batting: RHB Sterling Acosta
|
0-0: Ball 1-0: Ground out 5-3 (Groundball, 56S, EV 84.4 MPH)
|
Batting: RHB Brian Rogers
|
0-0: Swinging Strike 0-1: Ball 1-1: Foul Ball, location: 2F 1-2: Ball 2-2: Ball 3-2: Strikes out looking
|
Bottom of the 1st over - 0 runs, 0 hits, 0 errors, 0 left on base; Las Vegas 0 - Sacramento 0 |
TOP OF THE 2ND |
Las Vegas 51s batting - Pitching for Sacramento River Cats : RHP Tim Welshman
|
Batting: RHB Andy Carrell
|
0-0: Foul Ball, location: 2F 0-1: Foul Ball, location: 2F 0-2: Ball 1-2: Ball 2-2: Ball 3-2: Strikes out swinging
|
Batting: RHB Mike Phillips
|
0-0: Ball 1-0: Ball 2-0: Called Strike 2-1: Called Strike 2-2: Strikes out looking
|
Batting: LHB Jamel Alexander
|
0-0: Ball 1-0: Swinging Strike 1-1: Foul Ball, location: 2F 1-2: Fly out, F8 (Flyball, 78M, EV 96.2 MPH)
|
Top of the 2nd over - 0 runs, 0 hits, 0 errors, 0 left on base; Las Vegas 0 - Sacramento 0 |
BOTTOM OF THE 2ND |
Sacramento River Cats batting - Pitching for Las Vegas 51s : RHP Tony Castellanos
|
Batting: LHB Pauli Gassinger
|
0-0: Ball 1-0: Called Strike 1-1: Foul Ball, location: 2F 1-2: Strikes out looking
|
Batting: LHB Dillon Gonzalez
|
0-0: Ball 1-0: Ground out 6-3 (Groundball, 6M, EV 79.4 MPH)
|
Batting: RHB Justin Bonner
|
0-0: Called Strike 0-1: Called Strike 0-2: Ball 1-2: Ball 2-2: Ball 3-2: Strikes out swinging
|
Bottom of the 2nd over - 0 runs, 0 hits, 0 errors, 0 left on base; Las Vegas 0 - Sacramento 0 |
TOP OF THE 3RD |
Las Vegas 51s batting - Pitching for Sacramento River Cats : RHP Tim Welshman
|
Batting: RHB Elias Urbina
|
0-0: Called Strike 0-1: Ball 1-1: Ball 2-1: Called Strike 2-2: Foul Ball, location: 2F 2-2: Ball 3-2: Strikes out looking
|
Batting: RHB Koen van Oort
|
0-0: Ball 1-0: Foul Ball, location: 2F 1-1: Foul Ball, location: 2F 1-2: Strikes out swinging
|
Batting: RHB Chris Torlak
|
0-0: Called Strike 0-1: Foul Ball, location: 2F 0-2: Foul Ball, location: 2F 0-2: Ball 1-2: Foul Ball, location: 2F 1-2: Foul Ball, location: 2F 1-2: Foul Ball, location: 2F 1-2: DOUBLE (Line Drive, 9LM, EV 97.5 MPH)
|
Batting: SHB Masatoshi Akahoshi
|
0-0: SINGLE (Groundball, 56D, EV 102.5 MPH) Chris Torlak to third Runner from 3rd tries for Home, SAFE, throw by LF to home Masatoshi Akahoshi to second
|
Batting: SHB Justin Wallace
|
0-0: Ball 1-0: Foul Ball, location: 2F 1-1: Foul Ball, location: 2F 1-2: Strikes out swinging
|
Top of the 3rd over - 1 run, 2 hits, 0 errors, 1 left on base; Las Vegas 1 - Sacramento 0 |
BOTTOM OF THE 3RD |
Sacramento River Cats batting - Pitching for Las Vegas 51s : RHP Tony Castellanos
|
Batting: RHB Tyler Mapes
|
0-0: Ball 1-0: Foul Ball, location: 2F 1-1: Foul Ball, location: 2F 1-2: Strikes out looking
|
Batting: RHB Jose Rivera
|
0-0: Called Strike 0-1: Ball 1-1: Fly out, F9 (Flyball, 9, EV 88.8 MPH)
|
Batting: SHB Dan Hill
|
0-0: SINGLE (Groundball, 34D, EV 105.6 MPH)
|
Batting: SHB Carlos Rodriguez
|
0-0: SINGLE (Groundball, 6S, EV 68.1 MPH) (infield hit) Dan Hill to second
|
Batting: RHB Sterling Acosta
|
0-0: Called Strike 0-1: Ball 1-1: Ball 2-1: Ball 3-1: Called Strike 3-2: Foul Ball, location: 2F 3-2: Foul Ball, location: 2F 3-2: Base on Balls Dan Hill to third Carlos Rodriguez to second
|
Batting: RHB Brian Rogers
|
0-0: Swinging Strike 0-1: Called Strike 0-2: Foul Ball, location: 2F 0-2: Ground out 5-3 (Groundball, 56S, EV 61.2 MPH)
|
Bottom of the 3rd over - 0 runs, 2 hits, 0 errors, 3 left on base; Las Vegas 1 - Sacramento 0 |
TOP OF THE 4TH |
Las Vegas 51s batting - Pitching for Sacramento River Cats : RHP Tim Welshman
|
Pitching: LHP Joel Page
|
|
Batting: LHB Bill Armijo
|
0-0: Fly out, F9 (Flyball, 9, EV 86.9 MPH)
|
Batting: RHB Andy Carrell
|
0-0: Called Strike 0-1: Called Strike 0-2: Ball 1-2: Ground out 6-3 (Groundball, 56, EV 103.1 MPH)
|
Batting: RHB Mike Phillips
|
0-0: Called Strike 0-1: Called Strike 0-2: Ball 1-2: DOUBLE (Flyball, 78D, EV 96.9 MPH)
|
Batting: LHB Jamel Alexander
|
0-0: Ball 1-0: Swinging Strike 1-1: Swinging Strike 1-2: Foul Ball, location: 2F 1-2: Ball 2-2: Foul Ball, location: 2F 2-2: Ball 3-2: Foul Ball, location: 2F 3-2: Strikes out swinging
|
Top of the 4th over - 0 runs, 1 hit, 0 errors, 1 left on base; Las Vegas 1 - Sacramento 0 |
BOTTOM OF THE 4TH |
Sacramento River Cats batting - Pitching for Las Vegas 51s : RHP Tony Castellanos
|
Batting: LHB Pauli Gassinger
|
0-0: Foul Ball, location: 2F 0-1: Ball 1-1: Ball 2-1: Ball 3-1: Foul Ball, location: 2F 3-2: Foul Ball, location: 2F 3-2: SINGLE (Groundball, 34S, EV 68.8 MPH) (infield hit)
|
Batting: LHB Dillon Gonzalez
|
0-0: Foul Ball, location: 2F 0-1: Called Strike 0-2: Ball 1-2: Strikes out swinging
|
Batting: RHB Justin Bonner
|
0-0: Ball 1-0: Foul Ball, location: 2F 1-1: Foul Ball, location: 2F 1-2: Foul Ball, location: 2F 1-2: Reached on error, E6 (Groundball, 6S, EV 91.9 MPH) Pauli Gassinger to second
|
Batting: RHB Tyler Mapes
|
0-0: Ball 1-0: Called Strike Pauli Gassinger steals 3rd base 1-1: Ball 2-1: Ball 3-1: Fielders Choice at 2nd, 6-4 (Groundball, 6, EV 86.9 MPH) Pauli Gassinger scores
|
Batting: RHB Jose Rivera
|
0-0: Called Strike Tyler Mapes steals 2nd base 0-1: SINGLE (Line Drive, 4MD, EV 94.4 MPH) Tyler Mapes to third Runner from 3rd tries for Home, SAFE, throw by CF to home Jose Rivera to second
|
Batting: SHB Dan Hill
|
0-0: SINGLE (Flyball, 56D, EV 95.0 MPH) Jose Rivera to third Runner from 3rd tries for Home, SAFE, throw by LF to home
|
Batting: SHB Carlos Rodriguez
|
0-0: Called Strike 0-1: Ball 1-1: Called Strike 1-2: 2-RUN HOME RUN (Flyball, 9LD, EV 97.5 MPH), Distance : 383 ft
|
Batting: RHB Sterling Acosta
|
0-0: Called Strike 0-1: Ball 1-1: Ball 2-1: Ball 3-1: Fly out, F8 (Flyball, 89D, EV 88.8 MPH)
|
Bottom of the 4th over - 5 runs, 4 hits, 1 error, 0 left on base; Las Vegas 1 - Sacramento 5 |
TOP OF THE 5TH |
Las Vegas 51s batting - Pitching for Sacramento River Cats : LHP Joel Page
|
Batting: RHB Elias Urbina
|
0-0: Called Strike 0-1: Ball 1-1: Fly out, F8 (Flyball, 89D, EV 94.4 MPH)
|
Batting: RHB Koen van Oort
|
0-0: Called Strike 0-1: Ball 1-1: Called Strike 1-2: Strikes out swinging
|
Batting: RHB Chris Torlak
|
0-0: Ball 1-0: Ball 2-0: Called Strike 2-1: Fly out, F8 (Flyball, 8RXD, EV 91.2 MPH)
|
Top of the 5th over - 0 runs, 0 hits, 0 errors, 0 left on base; Las Vegas 1 - Sacramento 5 |
BOTTOM OF THE 5TH |
Sacramento River Cats batting - Pitching for Las Vegas 51s : RHP Tony Castellanos
|
Batting: RHB Brian Rogers
|
0-0: Fly out, F8 (Line Drive, 8LM, EV 95.0 MPH)
|
Batting: LHB Pauli Gassinger
|
0-0: Foul Ball, location: 2F 0-1: Ball 1-1: Swinging Strike 1-2: Ball 2-2: Foul Ball, location: 2F 2-2: Foul Ball, location: 2F 2-2: Fly out, F6 (Line Drive, 6M, EV 63.8 MPH)
|
Batting: LHB Dillon Gonzalez
|
0-0: Called Strike 0-1: Foul Ball, location: 2F 0-2: Ball 1-2: Ball 2-2: Foul Ball, location: 2F 2-2: Ball 3-2: Base on Balls
|
Batting: RHB Justin Bonner
|
0-0: Ball 1-0: Foul Ball, location: 2F 1-1: Ball 2-1: Ball 3-1: Foul Ball, location: 2F 3-2: Foul Ball, location: 2F 3-2: Fly out, F8 (Flyball, 8RD, EV 86.2 MPH)
|
Bottom of the 5th over - 0 runs, 0 hits, 0 errors, 1 left on base; Las Vegas 1 - Sacramento 5 |
TOP OF THE 6TH |
Las Vegas 51s batting - Pitching for Sacramento River Cats : LHP Joel Page
|
Batting: SHB Masatoshi Akahoshi
|
0-0: Called Strike 0-1: Called Strike 0-2: Ball 1-2: Ball 2-2: DOUBLE (Flyball, 78D, EV 107.5 MPH)
|
Batting: SHB Justin Wallace
|
0-0: Ball 1-0: Ball 2-0: Swinging Strike 2-1: Ball 3-1: Called Strike 3-2: Strikes out swinging
|
Batting: LHB Bill Armijo
|
0-0: Ball 1-0: Foul Ball, location: 2F 1-1: Foul Ball, location: 2F 1-2: Ball 2-2: Ball 3-2: Foul Ball, location: 2F 3-2: Base on Balls
|
Batting: RHB Andy Carrell
|
0-0: Called Strike 0-1: Called Strike 0-2: Foul Ball, location: 2F 0-2: Ball 1-2: Foul Ball, location: 2F 1-2: Strikes out swinging
|
Pitching: RHP Sam Drews
|
|
Batting: RHB Mike Phillips
|
0-0: Fly out, F8 (Flyball, 8RD, EV 101.9 MPH)
|
Top of the 6th over - 0 runs, 1 hit, 0 errors, 2 left on base; Las Vegas 1 - Sacramento 5 |
BOTTOM OF THE 6TH |
Sacramento River Cats batting - Pitching for Las Vegas 51s : RHP Tony Castellanos
|
Pitching: RHP Marvin Merino
|
|
Batting: RHB Tyler Mapes
|
0-0: Ball 1-0: Ball 2-0: Ball 3-0: Base on Balls
|
Batting: RHB Jose Rivera
|
0-0: Called Strike 0-1: Fielders Choice at 2nd, 4-6 (Groundball, 34, EV 84.4 MPH)
|
Batting: SHB Dan Hill
|
0-0: Called Strike Jose Rivera steals 2nd base 0-1: Foul Ball, location: 2F 0-2: Strikes out swinging
|
Batting: SHB Carlos Rodriguez
|
0-0: Ball 1-0: Called Strike 1-1: Swinging Strike 1-2: Ball 2-2: Ball 3-2: Base on Balls
|
Batting: RHB Sterling Acosta
|
0-0: Ball 1-0: Foul Ball, location: 2F 1-1: Foul Ball, location: 2F 1-2: Ball 2-2: Foul Ball, location: 2F 2-2: Foul Ball, location: 2F 2-2: Ball 3-2: Ground out 1-3 (Groundball, 34S, EV 64.4 MPH)
|
Bottom of the 6th over - 0 runs, 0 hits, 0 errors, 2 left on base; Las Vegas 1 - Sacramento 5 |
TOP OF THE 7TH |
Las Vegas 51s batting - Pitching for Sacramento River Cats : RHP Sam Drews
|
Batting: LHB Jamel Alexander
|
0-0: Foul Ball, location: 2F 0-1: Ball 1-1: Ground out 5-3 (Groundball, 5L, EV 107.5 MPH)
|
Batting: RHB Elias Urbina
|
0-0: Foul Ball, location: 2F 0-1: Ball 1-1: Foul Ball, location: 2F 1-2: Ball 2-2: Strikes out swinging
|
Batting: RHB Koen van Oort
|
0-0: Foul Ball, location: 2F 0-1: Ground out 6-3 (Groundball, 6, EV 93.1 MPH)
|
Top of the 7th over - 0 runs, 0 hits, 0 errors, 0 left on base; Las Vegas 1 - Sacramento 5 |
BOTTOM OF THE 7TH |
Sacramento River Cats batting - Pitching for Las Vegas 51s : RHP Marvin Merino
|
Pitching: RHP Shan-tang Chi
|
|
Batting: RHB Brian Rogers
|
0-0: Ground out 4-3 (Groundball, 4M, EV 77.5 MPH)
|
Batting: LHB Pauli Gassinger
|
0-0: Ball 1-0: Ball 2-0: Ball 3-0: Called Strike 3-1: Hit by Pitch
|
Batting: LHB Dillon Gonzalez
|
0-0: Ball 1-0: Foul Ball, location: 2F 1-1: SINGLE (Groundball, 34S, EV 70.0 MPH) (infield hit) Pauli Gassinger to second
|
Batting: RHB Justin Bonner
|
0-0: Ball Balk! Pauli Gassinger to third Dillon Gonzalez to second 1-0: Swinging Strike 1-1: Ball 2-1: Ball 3-1: Ground out 4-3 (Groundball, 4, EV 82.5 MPH) Pauli Gassinger scores Dillon Gonzalez to third
|
Batting: RHB Tyler Mapes
|
0-0: Ball 1-0: Foul Ball, location: 2F 1-1: Swinging Strike 1-2: Ball 2-2: Strikes out swinging
|
Bottom of the 7th over - 1 run, 1 hit, 0 errors, 1 left on base; Las Vegas 1 - Sacramento 6 |
TOP OF THE 8TH |
Las Vegas 51s batting - Pitching for Sacramento River Cats : RHP Sam Drews
|
Batting: RHB Chris Torlak
|
0-0: Called Strike 0-1: Foul Ball, location: 2F 0-2: Foul Ball, location: 2F 0-2: Ball 1-2: Ball 2-2: Ball 3-2: Fly out, F8 (Line Drive, 8LM, EV 84.4 MPH)
|
Batting: SHB Masatoshi Akahoshi
|
0-0: Ball 1-0: Ball 2-0: Called Strike 2-1: Ball 3-1: SINGLE (Line Drive, 34D, EV 94.4 MPH)
|
Batting: SHB Justin Wallace
|
0-0: Called Strike 0-1: Hit by Pitch Masatoshi Akahoshi to second
|
Batting: LHB Bill Armijo
|
0-0: Called Strike 0-1: Fielders Choice at 2nd, 3-6 (Groundball, 3, EV 101.9 MPH) Masatoshi Akahoshi to third
|
Batting: RHB Andy Carrell
|
0-0: Ball 1-0: Reached on error, E1 (Groundball, P, EV 65.6 MPH) Masatoshi Akahoshi scores Bill Armijo to second
|
Batting: RHB Mike Phillips
|
0-0: Ball 1-0: Fielders Choice at 2nd, 6-4 (Groundball, 56, EV 97.5 MPH)
|
Top of the 8th over - 1 run, 1 hit, 1 error, 2 left on base; Las Vegas 2 - Sacramento 6 |
BOTTOM OF THE 8TH |
Sacramento River Cats batting - Pitching for Las Vegas 51s : RHP Shan-tang Chi
|
Batting: RHB Jose Rivera
|
0-0: Ground out 2-3 (Groundball, 2L, EV 65.6 MPH)
|
Batting: SHB Dan Hill
|
0-0: Called Strike 0-1: Foul Ball, location: 2F 0-2: Ball 1-2: Foul Ball, location: 2F 1-2: Ball 2-2: Ball 3-2: Fly out, F7 (Flyball, 7LMF, EV 101.9 MPH)
|
Batting: SHB Carlos Rodriguez
|
0-0: Ball 1-0: Ball 2-0: Foul Ball, location: 2F 2-1: Foul Ball, location: 2F 2-2: Ball 3-2: Base on Balls
|
Batting: RHB Sterling Acosta
|
0-0: Swinging Strike 0-1: Swinging Strike 0-2: Ball 1-2: Strikes out looking
|
Bottom of the 8th over - 0 runs, 0 hits, 0 errors, 1 left on base; Las Vegas 2 - Sacramento 6 |
TOP OF THE 9TH |
Las Vegas 51s batting - Pitching for Sacramento River Cats : RHP Sam Drews
|
Pitching: RHP Takashi Kino
|
|
Now at 2B: Steve Jones
|
|
Now in LF: Franklin Quezada
|
|
Batting: LHB Jamel Alexander
|
0-0: Called Strike 0-1: Called Strike 0-2: Ball 1-2: Ball 2-2: Ball 3-2: Base on Balls
|
Batting: RHB Elias Urbina
|
0-0: Ground out 4-3 (Groundball, 4S, EV 70.0 MPH) Jamel Alexander to second
|
Batting: RHB Koen van Oort
|
0-0: Ball 1-0: Called Strike 1-1: Ball 2-1: Called Strike 2-2: Strikes out looking
|
Batting: RHB Chris Torlak
|
0-0: Called Strike 0-1: Ball 1-1: Ball 2-1: Ball 3-1: Swinging Strike 3-2: Strikes out swinging
|
Top of the 9th over - 0 runs, 0 hits, 0 errors, 1 left on base; Las Vegas 2 - Sacramento 6 |
|